 Dungeon Crawl Stone Soup version 0.24-a0-307-gf989941 (webtiles) character file.

Game seed: 4061431151634944722

12 Espgualade the Chiller (level 2, -1/15 HPs)
             Began as a Tengu Ice Elementalist on May 12, 2019.
             Slain by a giant cockroach (2 damage)
             ... on level 1 of the Dungeon.
             The game lasted 00:00:56 (428 turns).

Espgualade the Chiller (Tengu Ice Elementalist)      Turns: 428, Time: 00:00:57

Health: -1/15      AC:  2    Str:  8    XL:     2   Next: 33%
Magic:  6/6        EV: 12    Int: 15    God:
Gold:   0          SH:  0    Dex: 14    Spells: 4/5 levels left

rFire    . . .     SeeInvis .   d - +0 dagger
rCold    . . .     Gourm    .   (no shield)
rNeg     . . .     Faith    .   a - +0 robe
rPois    .         Spirit   .   (helmet restricted)
rElec    .         Reflect  .   (no cloak)
rCorr    .         Harm     .   (no gloves)
MR       .....                  (boots unavailable)
Stlth    ++........             (no amulet)
HPRegen  0.05/turn              (no ring)
MPRegen  0.10/turn              (no ring)

@: no status effects
A: beak, talons 3
a: no special abilities


You were on level 1 of the Dungeon.
You were not hungry.

You visited 1 branch of the dungeon, and saw 1 of its levels.

Inventory:

Hand Weapons
 d - a +0 dagger (weapon)
Armour
 a - a +0 robe (worn)
Scrolls
 e - 2 scrolls of noise {unknown}
Comestibles
 c - a ration


   Skills:
 - Level 2.1 Dodging
 - Level 2.0 Stealth
 - Level 2.0 Spellcasting
   Level 1.3 Conjurations
 + Level 3.3 Ice Magic


You had 4 spell levels left.
You knew the following spells:

 Your Spells              Type           Power        Failure   Level  Hunger
a - Freeze                Ice            ##..         5%          1    #......

Your spell library contained the following spells:

 Spells                   Type           Power        Failure   Level  Hunger
 Throw Frost              Conj/Ice       #.....       13%         2    ###....
 Ozocubu's Armour         Chrm/Ice       #.......     32%         3    ###....
 Throw Icicle             Conj/Ice       #.......     63%         4    #####..
 Summon Ice Beast         Ice/Summ       #.......     73%         4    #####..


Dungeon Overview and Level Annotations

Branches:
Dungeon (1/15)

Altars:


Innate Abilities, Weirdness & Mutations

You have a beak for a mouth.
You have claws for feet.


Message History

The gnoll throws a boomerang.
The boomerang barely misses you.
The weapon returns to the gnoll!
The rat bites you.
You open the door.
The giant cockroach bites you but does no damage.
The rat bites you but does no damage.
The giant cockroach bites you but does no damage.
The giant cockroach bites you.
There is an open door, spattered with blood here.
The giant cockroach bites you.
* * * LOW HITPOINT WARNING * * *
The giant cockroach bites you.
* * * LOW HITPOINT WARNING * * *
The giant cockroach misses you. The giant cockroach bites you.
* * * LOW HITPOINT WARNING * * *
It was a potion of magic.
Magic courses through your body. The giant cockroach barely misses you.
The giant cockroach bites you.
You die...

>... ...................# #.....#
...####......#.#.####.#..##.....#
...........................†....'
....#........#.#.####.#...#.....#
....#........#.#.# #.#.#.....#
...)#........#.#.# #.#.#..###...
....#...##+#.....# #.#.##. #r..
....#...##+###.######.#.##.# #..)
....#...........@s..#.#.##.. #s.)
....#........#.####r#.#.# #.##...
....... .......# #.#.#.# #..#...
...#.## #....### #r#.#.####.#...
...#.# #... #s..s.gr......† ####
# #.. ###.#.#...#.#.# .
...#.#...#...# ######
#####.#...##..# ≈≈≈≈≈##
#.#.......#


You could see a giant cockroach and a rat.

Vanquished Creatures
  A dart slug (D:1)
  A giant cockroach (D:1)
  A hobgoblin (D:1)
  4 kobolds (D:1)
  A frilled lizard (D:1)
  3 rats (D:1)
11 creatures vanquished.

Notes
Turn   | Place    | Note
-------+----------+-------------------------------------------
     0 | D:1      | Espgualade the Tengu Ice Elementalist began the quest for
                  | the Orb.
     0 | D:1      | Reached XP level 1. HP: 10/10 MP: 4/4
    73 | D:1      | Reached skill level 3 in Ice Magic
   339 | D:1      | Reached XP level 2. HP: 15/15 MP: 6/6
   428 | D:1      | Slain by a giant cockroach

Levels and vault maps discovered:
D:1:      psy_arrival_whirlpool, layout_basic, hangedman_decor_growths,
          minmay_pentomino_w4

Skill      XL: |  1 |
---------------+----+-----
Ice Magic      | 3 |  3.3
Dodging        | |  2.1
Stealth        | |  2.0
Spellcasting   | |  2.0
Conjurations   | |  1.3

Action                   || total
-------------------------++-------
Melee: Dagger            ||    13
       Kick              ||     6
       Peck              ||     3
 Cast: Freeze            ||     6
  Use: Potion            ||     1
 Stab: Sleeping          ||     1
Armor: Robe              ||     4
Dodge: Dodged            ||    14

Table legend:
 A = Non-vault XP
 B = Vault XP
 C = Vault XP percentage of total XP
 D = Non-vault monster count
 E = Vault monster count
 F = Vault count percentage of total count
                 A         B        C        D         E       F
            +---------+---------+-------+---------+---------+-------
      Total |      16 |       2 |  11.1 |      10 |       1 |   9.1
            +---------+---------+-------+---------+---------+-------
        D:1 |      16 |       2 |  11.1 |      10 |       1 |   9.1
            +---------+---------+-------+---------+---------+-------
